 Dungeon Crawl Stone Soup version 0.28.0-1-gb440e238dd (webtiles) character file.

Game seed: 2591633520411544646

11786 Destapler the Fighter (level 11, -18/153 HPs)
             Began as a Minotaur Fighter on Feb 27, 2022.
             Was a High Priest of Makhleb.
             Demolished by an orc warlord (29 damage)
             ... on level 1 of the Orcish Mines.
             The game lasted 00:21:30 (11804 turns).

Destapler the Fighter (Minotaur Fighter)           Turns: 11804, Time: 00:21:31

Health: -18/153    AC: 10    Str: 30    XL:     11   Next: 53%
Magic:  16/16      EV: 10    Int:  5    God:    Makhleb [*****.]
Gold:   1238       SH:  9    Dex:  7    Spells: 10/10 levels left

rFire   + + +      SeeInvis .   v - +10 mace of Dosmemonkae {flame, rC- Str+5}
rCold   + + .      Faith    .   b - +0 kite shield
rNeg    + . .      Spirit   .   L - +0 scale mail {rC+}
rPois   .          Reflect  .   (helmet restricted)
rElec   .          Harm     .   i - +0 cloak
rCorr   .          Rampage  .   (no gloves)
Will    .....                   u - +0 pair of boots
Stlth   ..........              O - amulet of Sakheh {rF+++ rC++ Regen+ Str-5 Dex-4}
HPRegen 1.15/turn               o - ring of positive energy
MPRegen 0.15/turn               D - +6 ring of strength

@: berserking, very quick
A: horns 2, retaliatory headbutt
a: Renounce Religion, Minor Destruction, Lesser Servant of Makhleb, Major
Destruction, Greater Servant of Makhleb


You were on level 1 of the Orcish Mines.
You worshipped Makhleb.
Makhleb was extremely pleased with you.
You visited 3 branches of the dungeon, and saw 12 of its levels.
You also visited: Ossuary.

You collected 1238 gold pieces.

Inventory:

Hand Weapons
 n - a +2 vampiric short sword
 v - the +10 mace of Dosmemonkae (weapon) {flame, rC- Str+5}
   (You found it on level 5 of the Dungeon)

   It burns those it strikes, dealing additional fire damage.
   Str:       It affects your strength (+5).
   rC:        It makes you vulnerable to cold.
Missiles
 c - 5 throwing nets
 k - 50 poisoned darts (quivered)
 p - 3 silver boomerangs
 M - 5 boomerangs
Armour
 b - a +0 kite shield (worn)
 i - a +0 cloak (worn)
 u - a +0 pair of boots (worn)
 L - a +0 scale mail of cold resistance (worn)
Jewellery
 o - a ring of positive energy (left hand)
 r - a +4 ring of protection
 D - a +6 ring of strength (right hand)
 H - a +6 ring of dexterity
 O - the amulet of Sakheh (around neck) {rF+++ rC++ Regen+ Str-5 Dex-4}
   (You found it on level 9 of the Dungeon)

   [amulet of regeneration]

   Str:       It affects your strength (-5).
   Dex:       It affects your dexterity (-4).
   rF:        It renders you almost immune to fire.
   rC:        It greatly protects you from cold.
   Regen:     It increases your rate of health regeneration.
Wands
 a - a wand of iceblast (2)
 G - a wand of charming (24)
 K - a wand of digging (5)
Scrolls
 e - a scroll of amnesia {unknown}
 h - 2 scrolls of enchant armour {unknown}
 j - 2 scrolls of fog {unknown}
 s - 4 scrolls of enchant weapon
 C - a scroll of brand weapon {unknown}
 F - 2 scrolls of fear {unknown}
Potions
 d - a potion of berserk rage
 g - 6 potions of cancellation
 l - 3 potions of heal wounds {unknown}
 m - 3 potions of attraction {unknown}
 q - 2 potions of haste {unknown}
 t - 2 potions of degeneration {unknown}
 w - a potion of lignification {unknown}
 z - a potion of magic {unknown}
 A - 5 potions of curing
 B - a potion of mutation {unknown}
 E - 4 potions of flight {unknown}
 N - a potion of brilliance {unknown}


   Skills:
 + Level 11.4 Fighting
 - Level 6.1(8.9) Axes
 + Level 9.9(10.7) Maces & Flails
 - Level 5.0 Throwing
 - Level 7.0 Armour
 - Level 5.0 Dodging
 - Level 7.0 Shields
 + Level 8.5 Invocations


You had 10 spell levels left.
You didn't know any spells.
Your spell library contained the following spells:

 Spells                   Type           Power      Damage    Failure   Level
 Animate Skeleton         Necr           0%         N/A       95%         1
 Pain                     Necr           0%         1d4       95%         1
 Slow                     Hex            0%         N/A       95%         1
 Ensorcelled Hibernation  Hex/Ice        0%         N/A       99%         2
 Confusing Touch          Hex            0%         N/A       100%        3
 Dazzling Flash           Conj/Hex       0%         N/A       100%        3
 Inner Flame              Hex/Fire       0%         N/A       100%        3
 Spider Form              Tmut/Pois      0%         N/A       100%        3
 Tukima's Dance           Hex            0%         N/A       100%        3
 Vampiric Draining        Necr           0%         2d6       100%        3
 Anguish                  Hex/Necr       0%         N/A       100%        4
 Cause Fear               Hex            0%         N/A       100%        4
 Iskenderun's Mystic Bla  Conj/Tloc      0%         2d3       100%        4
 Starburst                Conj/Fire      0%         6d3       100%        6
 Enfeeble                 Hex            0%         N/A       100%        7
 Discord                  Hex            0%         N/A       100%        8


Dungeon Overview and Level Annotations

Branches:
Dungeon (9/15)             Temple (1/1) D:5             Orc (2/2) D:9
Ossuary (visited)
   Lair: D:8-11         Elf: Orc:2

Altars:
Cheibriados
Elyvilon
Makhleb
Okawaru
Wu Jian
Xom

Shops:
D:6 ?   D:7 [


Innate Abilities, Weirdness & Mutations

You have a pair of horns on your head.
You reflexively headbutt those who attack you in melee.


Message History

a +0 ring mail; a +0 flail; an orc corpse You bludgeon the orc warlord!!
You burn the orc warlord.
The orc warlord is lightly wounded.
The orc warlord hits you with a +1 great sword of holy wrath!
You sock the orc warlord! You burn the orc warlord.
You headbutt the orc warlord.
The orc warlord is moderately wounded.
The orc warlord hits you with a +1 great sword of holy wrath!
You hit the orc warlord. You burn the orc warlord.
Your headbutt misses the orc warlord.
The orc warlord is moderately wounded.
The orc warlord hits you with a +1 great sword of holy wrath!!
* * * LOW HITPOINT WARNING * * *
The orc warlord barely misses you.
You sock the orc warlord! You burn the orc warlord.
The orc warlord is heavily wounded.
You block the orc warlord's attack.
You hit the orc warlord but do no damage.
Your headbutt misses the orc warlord.
The orc warlord is heavily wounded.
The orc warlord hits you with a +1 great sword of holy wrath!
* * * LOW HITPOINT WARNING * * *
A red film seems to cover your vision as you go berserk!
You feel yourself moving faster!
You feel mighty!
The orc warlord hits you with a +1 great sword of holy wrath!!
* * * LOW HITPOINT WARNING * * *
You sock the orc warlord! You burn the orc warlord.
You headbutt the orc warlord, but do no damage.
The orc warlord is heavily wounded.
You barely miss the orc warlord. You headbutt the orc warlord!
The orc warlord is severely wounded.
The orc warlord hits you with a +1 great sword of holy wrath!
* * * LOW HITPOINT WARNING * * *
You sock the orc warlord! You burn the orc warlord.
The orc warlord is almost dead.
You block the orc warlord's attack.
You hit the orc warlord but do no damage.
The orc warlord is almost dead.
The orc warlord hits you with a +1 great sword of holy wrath!!
You die...

#
##.#..#####....##
### #.#[[..#
##.....# ..##
##.#..####.....##
...#
####.........##
...# ##........##
...## #.......###
....# ##†.#.#.#
....### #.>o####
......### ##)#@#
#.#.....## #####
#......#.##
.......##.####
...#......##.##
..####........#
#...##..#....##
#...#...##...#
#.....####...##


You could see an orc warlord.

Vanquished Creatures
  A two-headed ogre (D:8)
  An orc sorcerer (Orc:1)
  6 trolls
  2 hornets (D:9)
  A vampire (D:9)
  4 yaks (D:9)
  2 wyverns
  Grum (D:6)
  2 steam dragons
  A warg (D:9)
  Menkaure (D:5)
  Edmund (D:4)
  A water moccasin (D:7)
  Duvessa (D:4)
  2 sky beasts (D:8)
  11 orc warriors
  A hornet zombie (D:5)
  A necrophage (D:8)
  7 ogres
  A black bear (D:7)
  A wolf (D:6)
  4 centaurs
  7 kobold brigands
  An elf zombie (Ossuary)
  4 bullfrogs
  2 gnoll sergeants (D:6)
  7 scorpions
  A wyvern zombie (D:7)
  A water moccasin zombie (D:7)
  Dowan (D:4)
  A water moccasin skeleton (D:6)
  11 killer bees (D:9)
  7 wights
  5 howler monkeys
  A bullfrog zombie (D:6)
  2 centaur zombies
  A jelly (D:7)
  10 orc priests
  6 gnoll shamans
  16 hounds
  A human zombie (Ossuary)
  2 iguanas
  14 orc wizards
  4 hound zombies (Ossuary)
  2 hound skeletons
  A howler monkey zombie (D:8)
  4 mummies
  25 gnolls
  A howler monkey skeleton (D:6)
  11 adders
  2 shadow imps (D:8)
  A white imp (D:5)
  An ufetubus (D:5)
  3 adder zombies (Ossuary)
  A worm (D:1)
  2 dart slugs (D:4)
  48 orcs
  9 ball pythons
  6 endoplasms
  2 giant cockroaches
  6 goblins
  5 hobgoblins
  10 jackals
  3 quokkas (D:2)
  5 bats
  A frilled lizard (D:2)
  4 goblin zombies
  4 hobgoblin zombies (Ossuary)
  8 jackal zombies (Ossuary)
  9 kobolds
  A kobold zombie (Ossuary)
  2 orc zombies (Ossuary)
  5 quokka zombies (Ossuary)
  3 rats
  5 rat zombies (Ossuary)
348 creatures vanquished.

Vanquished Creatures (others)
  6 fungi (D:9)
  20 plants
  A withered plant (D:1)
27 creatures vanquished.

Grand Total: 375 creatures vanquished

Notes
Turn   | Place    | Note
-------+----------+-------------------------------------------
     0 | D:1      | Destapler the Minotaur Fighter began the quest for the Orb.
     0 | D:1      | Reached XP level 1. HP: 19/19 MP: 0/0
   217 | D:1      | Reached XP level 2. HP: 19/27 MP: 1/1
   368 | D:1      | Reached skill level 4 in Fighting
   448 | D:1      | Found a faded altar of an unknown god.
   615 | D:2      | Reached XP level 3. HP: 33/33 MP: 2/2
  1364 | D:2      | Reached XP level 4. HP: 40/40 MP: 3/3
  2332 | D:3      | Reached XP level 5. HP: 28/47 MP: 4/4
  2610 | D:4      | Noticed Edmund
  2616 | D:4      | HP: 2/41 [Edmund (3)]
  2619 | D:4      | Killed Edmund
  2620 | D:4      | Reached skill level 5 in Fighting
  2620 | D:4      | Reached skill level 5 in Armour
  2620 | D:4      | Reached skill level 5 in Shields
  2620 | D:4      | Reached XP level 6. HP: 4/56 MP: 5/5
  3105 | D:4      | Noticed Duvessa
  3106 | D:4      | Noticed Dowan
  3117 | D:4      | Killed Duvessa
  3123 | D:4      | Killed Dowan
  3402 | D:4      | Reached skill level 5 in Axes
  3402 | D:4      | Reached XP level 7. HP: 47/62 MP: 6/6
  3576 | D:4      | Reached skill level 6 in Fighting
  4141 | D:5      | Entered Level 5 of the Dungeon
  4355 | D:5      | Reached XP level 8. HP: 57/71 MP: 7/7
  4449 | D:5      | Found a staircase to the Ecumenical Temple.
  4457 | D:5      | Identified the +10 mace of Dosmemonkae {flame, rC- Str+5}
  4473 | Temple   | Entered the Ecumenical Temple
  4480 | Temple   | Became a worshipper of Makhleb the Destroyer
  4594 | D:5      | Reached skill level 1 in Invocations
  4748 | D:5      | Reached skill level 1 in Maces & Flails
  4748 | D:5      | Reached skill level 1 in Dodging
  4853 | D:5      | Found a shimmering altar of Xom.
  4938 | D:5      | Reached skill level 7 in Fighting
  4983 | D:5      | Noticed Menkaure
  4986 | D:5      | Killed Menkaure
  5279 | D:6      | Found Qalleh's Magic Scroll Boutique.
  5322 | D:6      | Found a sand-covered staircase.
  5327 | Ossuary  | Entered an ossuary
  5422 | Ossuary  | Reached * piety under Makhleb
  5567 | Ossuary  | Reached ** piety under Makhleb
  5767 | D:6      | Found an ornate altar of the Wu Jian Council.
  5804 | D:6      | Reached XP level 9. HP: 79/79 MP: 10/10
  5879 | D:6      | Reached skill level 8 in Fighting
  5882 | D:6      | Reached skill level 5 in Invocations
  6093 | D:6      | Found Kozeev's Armour Shoppe.
  6316 | D:6      | Noticed Grum
  6321 | D:6      | Killed Grum
  6322 | D:6      | Reached skill level 5 in Maces & Flails
  6401 | D:6      | Reached skill level 5 in Dodging
  6771 | D:6      | Reached skill level 1 in Throwing
  6953 | D:7      | Reached *** piety under Makhleb
  7046 | D:7      | Found Turghymoxt's Antique Armour Boutique.
  7054 | D:7      | Reached XP level 10. HP: 84/90 MP: 11/13
  7198 | D:7      | Found a white marble altar of Elyvilon.
  7417 | D:7      | Found an iron altar of Okawaru.
  7797 | D:7      | Reached skill level 9 in Fighting
  8025 | D:8      | Noticed a two-headed ogre
  8034 | D:8      | Killed a two-headed ogre
  8673 | D:9      | Reached **** piety under Makhleb
  8712 | D:9      | Found a staircase to the Orcish Mines.
  8755 | D:9      | Reached skill level 10 in Fighting
  9238 | D:9      | Reached skill level 5 in Throwing
  9433 | D:9      | Reached XP level 11. HP: 100/100 MP: 15/15
  9886 | D:9      | Reached ***** piety under Makhleb
 10338 | D:9      | Identified the amulet of Sakheh {rF+++ rC++ Regen+ Str-5
                  | Dex-4}
 10828 | Orc:1    | Entered Level 1 of the Orcish Mines
 11043 | Orc:1    | Noticed an orc sorcerer
 11044 | Orc:1    | Paralysed by an orc sorcerer for 2 turns
 11055 | Orc:1    | Killed an orc sorcerer
 11056 | Orc:1    | Reached skill level 11 in Fighting
 11494 | Orc:2    | Entered Level 2 of the Orcish Mines
 11494 | Orc:2    | Noticed an orc knight
 11494 | Orc:2    | Noticed an orc warlord
 11804 | Orc:1    | Demolished by an orc warlord

Illustrated notes

Levels and vault maps discovered:
D:1:      dpeg_arrival_brainrot, layout_rooms,
          ebering_ecumenical_altar_petrified
D:2:      layout_basic
D:3:      minmay_door_path, layout_loops_cross, grunt_ministairs_9, st_stairs_2
D:4:      layout_loops_cross, serial_bayou_pond_e, uniq_edmund, uniq_duvessa
D:5:      layout_gridville, mainiacjoe_overflow_surrounded_room,
          minmay_temple_entry_offerings, uniq_menkaure
D:6:      minmay_clustersquares, layout_cave_pools, nzn_wu_jian_contemplation,
          serial_shops, shop, nicolae_ossuary_entry_giza, serial_gnoll_camp,
          gnoll_camp_mini_hut, grums_kennel, gnoll_camp_medium_01,
          gnoll_camp_mini_shop, gnoll_camp_mini_house, gnoll_camp_mini_house
D:7:      layout_gridville, elyvilon_altar_5, overflow_temple_1_default,
          serial_shops, nicolae_square_shop
D:8:      layout_rooms
D:9:      kennysheep_seaside_town, layout_loops_ring, erik_orc_4, serial_bayou,
          serial_bayou_pond_a, serial_bayou_pond_e, serial_bayou_shore_b,
          serial_bayou_shore_b, hangedman_abyss_or_decor_passed
Temple:   minmay_crystal_spiral_temple
Orc:1:    layout_diamond_mine
Orc:2:    kennysheep_orc_mage_school, layout_diamond_mine, minmay_shop_mass

Skill      XL: |  1  2  3  4  5  6  7  8  9 10 11 |
---------------+----------------------------------+-----
Fighting       | 4 5 6 7 8 10 11 | 11.4
Armour         | 4 5 6 7 |  7.0
Shields        | 4 5 6 7 |  7.0
Axes           | 3 4 5 6 |  6.1
Invocations    | 3 5 7 8 |  8.5
Maces & Flails | 3 6 8 9 |  9.9
Dodging        | 2 5 |  5.0
Throwing       | 2 5 |  5.0

Action                   |  1- 3 |  4- 6 |  7- 9 | 10-12 || total
-------------------------+-------+-------+-------+-------++-------
Melee: War axe           |    70 |    94 |    60 |       ||   224
       Headbutt          |     7 |    19 |    47 |    43 ||   116
       Mace              |       |       |   226 |   304 ||   530
Throw: Dart              |       |     3 |       |    15 ||    18
Evoke: Wand              |       |       |       |     6 ||     6
  Use: Potion            |       |     2 |       |     2 ||     4
       Scroll            |       |       |     7 |     1 ||     8
 Stab: Distracted        |     1 |       |       |       ||     1
Armor: Scale mail        |    24 |    61 |   140 |   115 ||   340
Dodge: Dodged            |    36 |    44 |   140 |   159 ||   379
Block: Buckler           |    17 |    21 |    63 |    48 ||   149
       Kite shield       |       |       |       |    93 ||    93
